Pick #1

Pick #2

Pick #3

Pick #4

Pick #5

Pick #6

Pick #7

Pick #8

Pick #9

Pick #10

Pick #11

Pick #12

Pick #13

Pick #14

Pick #15

Pick #16

Pick #17

Pick #18

Pick #19

Pick #20

Pick #21

Pick #22

Pick #23

Pick #24

Pick #25

Pick #26

Pick #27

Pick #28

Pick #29

Pick #30

Pick #31

Pick #32

Pick #33

Pick #34

Pick #35

Pick #36

Pick #37

Pick #38

Pick #39

Pick #40

Pick #41

Pick #42

Pick #43

Pick #44

Pick #45

Pick #46

Pick #47

Pick #48

Pick #49

Pick #50

Pick #51

Pick #52

Pick #53

Pick #54

Pick #55

Pick #56

Pick #57

Pick #58

Pick #59

Pick #60

Pick #61

Pick #62

Pick #63

Pick #64

Pick #65

Pick #66

Pick #67

Pick #68

Pick #69

Pick #70

Pick #71

Pick #72

Pick #73

Pick #74

Pick #75

Pick #76

Pick #77

Pick #78

Pick #79

Pick #80

Pick #81

Pick #82

Pick #83

Pick #84

Pick #85

Pick #86

Pick #87

Pick #88

Pick #89

Pick #90

Pick #91

Pick #92

Pick #93

Pick #94

Pick #95

Pick #96

Pick #97

Pick #98

Pick #99

Pick #100

Pick #101

Pick #102

Pick #103

Pick #104

Pick #105

Pick #106

Pick #107

Pick #108

Pick #109

Pick #110

Pick #111

Pick #112

Pick #113

Pick #114

Pick #115

Pick #116

Pick #117

Pick #118

Pick #119

Pick #120

Pick #121

Pick #122

Pick #123

Pick #124

Pick #125

Pick #126

Pick #127

Pick #128

Pick #129

Pick #130

Full Scoreboard »»

Blues vs Panthers

Created - April 28, 2024 at 22:27

Goals
1 2 3 OT1 OT2 T
Blues 2 0 1 0 0 3
Panthers 3 0 0 0 1 4
Shots
1 2 3 OT1 OT2 T
Blues 8 7 12 4 1 32
Panthers 15 10 7 9 2 43

GoalsPenalties
1st period
1. Panthers , Jamie Benn 2 (Reilly Smith 2, Charlie McAvoy 9) at 7:10
2. Panthers , Jack Hughes 4 (Roope Hintz 8, Owen Power 7) at 10:39
3. Blues , Nico Hischier 8 (Logan Couture 13) at 10:45
4. Blues , Clayton Keller 8 (Yanni Gourde 9) at 12:48 (PP)
5. Panthers , Matthew Tkachuk 6 (Aleksander Barkov 7, Jake Sanderson 9) at 13:04
Filip Hronek (STL) for Holding (Minor) at 1:57
Jack Eichel (STL) for Tripping (Minor) at 7:51
Oliver Ekman-Larsson (FLA) for Hooking (Minor) at 12:44
Mikael Backlund (FLA) for Hooking (Minor) at 16:11
2nd period
No Goal
Carson Soucy (STL) for Hooking (Minor) at 5:35
Andrei Svechnikov (FLA) for Roughing (Minor) at 11:49
Carson Soucy (STL) for High sticking (Minor) at 19:33
3rd period
6. Blues , Sean Monahan 4 (Anthony DeAngelo 13) at 12:35
Andrei Svechnikov (FLA) for Hooking (Minor) at 0:48
Kris Letang (STL) for Hooking (Minor) at 0:48
Kris Letang (STL) for Hooking (Minor) at 17:48
Overtime #1
No Goal
No Penalty
Overtime #2
7. Panthers , Brady Tkachuk 4 (Roope Hintz 9, Charlie McAvoy 10) at 7:43
No Penalty
Goalie Stats
Carter Hart (STL), 39 saves from 43 shots - (0.907), OTL, 10-4-1, 87:44 minutes
Alexandar Georgiev (FLA), 29 saves from 32 shots - (0.906), W, 13-2-1, 87:44 minutes
3 StarsOfficial
1 - Charlie McAvoy (FLA)
2 - Brady Tkachuk (FLA)
3 - Jake Sanderson (FLA)
Referees : Eric Furlatt and Brandon Blandina
Linesman : Michel Cormier and Tony Sericolo
Game Note
No Game Note
Finance
Level 1 -- Attendance: 6000 (100.00%) -- Ticket Income $720,000
Level 2 -- Attendance: 5000 (100.00%) -- Ticket Income $465,000
Level 3 -- Attendance: 3500 (100.00%) -- Ticket Income $238,000
Level 4 -- Attendance: 3702 (98.72%) -- Ticket Income $159,186
Luxury Box -- Attendance: 1000 (100.00%) -- Ticket Income $230,000
Game was played at the BBT Center.
Total Attendance: 19202 (99.75%)
Total Ticket Income: $1,812,186
Other Income: $453,046
Total Income: $2,265,232



Team Name Goals Shots Shots Attemp Shots Blocked PIM HIT PP PK FO%
Blues 332511812171 / 3 (33%)050%
Panthers 4439288320 / 5 (0%)150%

Blues
Player Name POS G A P +/- PIM HIT SHT SB MP PP MP PP SHT PK MP PK SHT FO% FOT
Alec MartinezD0000020231:580:0005:1500% 0
Alex NewhookC000-1011015:291:4800:0000% 0
Anthony DeAngeloD011-1010121:462:1002:1800% 0
Auston MatthewsC000-1012026:501:5200:38050% 22
Cale MakarD000-1003236:311:5214:0900% 0
Carson SoucyD000-1430116:430:0000:0000% 0
Clayton KellerRW101-1004026:081:4810:0000% 2
Craig SmithC000-1000010:240:0000:0000% 0
Curtis LazarC000-1003013:570:0000:16053% 15
Filip HronekD0000231830:380:0004:0700% 0
Jack EichelC0001210026:512:1400:00050% 2
Kris LetangD000-1421135:552:1004:0000% 0
Logan CoutureC0111013232:222:1414:46040% 5
Marcus JohanssonLW000-1001010:240:0000:0000% 0
Nico HischierC1011017026:522:1410:00052% 29
Sean MonahanC101-1002018:120:0003:47042% 12
Steven LorentzC000-1012115:100:0004:46056% 16
Yanni GourdeC011-1002030:301:4804:53056% 9
Panthers
Player Name POS G A P +/- PIM HIT SHT SB MP PP MP PP SHT PK MP PK SHT FO% FOT
Aleksander BarkovC0110004035:095:4821:36052% 52
Andrei SvechnikovRW0000473032:235:4710:0000% 0
Brady TkachukLW1012053027:143:2320:31067% 3
Charlie McAvoyD0221083034:205:4801:5400% 0
Frederick GaudreauC000000109:500:0002:3600% 1
Jack HughesC1012003026:533:2310:100100% 2
Jake SandersonD0112052332:323:2322:0800% 0
Jamie BennLW1010031016:120:0000:0000% 1
Jeff CarterC0000001017:070:0000:55047% 15
Matthew TkachukLW1010018033:335:4820:00050% 2
Mikael BacklundC000020108:340:0001:21036% 11
Mike MathesonD000-1000120:520:0000:0000% 0
Oliver Ekman-LarssonD000-1210220:510:0000:0000% 0
Owen PowerD0112024232:323:2332:0800% 0
Quinn HughesD0001001034:205:4811:5400% 0
Reilly SmithRW0110003017:070:0000:5500% 0
Robby FabbriC000000107:140:0000:0000% 0
Roope HintzC0222004025:523:2300:00052% 25



Play-by-Play

1st period


0:01 of 1st period - Auston Matthews wins face-off versus Aleksander Barkov in neutral zone.
0:16 of 1st period - Shot by Matthew Tkachuk.
0:16 of 1st period - Shot Misses the Net.
0:57 of 1st period - Shot by Nico Hischier.
0:57 of 1st period - Stopped by Alexandar Georgiev without a rebound.
0:58 of 1st period - Roope Hintz wins face-off versus Nico Hischier in Panthers zone.
1:05 of 1st period - Filip Hronek is hit by Brady Tkachuk and loses puck.
1:57 of 1st period - Minor Penalty to Filip Hronek for Holding.
1:58 of 1st period - Aleksander Barkov wins face-off versus Sean Monahan in Blues zone.
2:01 of 1st period - Shot by Matthew Tkachuk.
2:01 of 1st period - Stopped by Carter Hart without a rebound.
2:02 of 1st period - Aleksander Barkov wins face-off versus Yanni Gourde in Blues zone.
2:21 of 1st period - Steven Lorentz is hit by Andrei Svechnikov and loses puck.
3:10 of 1st period - Icing by Jake Sanderson.
3:11 of 1st period - Sean Monahan wins face-off versus Brady Tkachuk in Panthers zone.
3:32 of 1st period - Shot by Jake Sanderson.
3:32 of 1st period - Shot Blocked by Anthony DeAngelo.
3:34 of 1st period - Shot by Jake Sanderson.
3:34 of 1st period - Shot Misses the Net.
3:36 of 1st period - Shot by Brady Tkachuk.
3:36 of 1st period - Stopped by Carter Hart with a rebound.
3:38 of 1st period - Shot by Jake Sanderson.
3:38 of 1st period - Stopped by Carter Hart without a rebound.
3:39 of 1st period - Steven Lorentz wins face-off versus Aleksander Barkov in Blues zone.
4:22 of 1st period - Off-side.
4:23 of 1st period - Auston Matthews wins face-off versus Roope Hintz in neutral zone.
4:27 of 1st period - Kris Letang is hit by Jake Sanderson and loses puck.
4:48 of 1st period - Shot by Roope Hintz.
4:48 of 1st period - Stopped by Carter Hart with a rebound.
5:36 of 1st period - Shot by Matthew Tkachuk.
5:36 of 1st period - Shot Misses the Net.
6:25 of 1st period - Off-side.
6:26 of 1st period - Nico Hischier wins face-off versus Mikael Backlund in neutral zone.
7:02 of 1st period - Off-side.
7:03 of 1st period - Jeff Carter wins face-off versus Curtis Lazar in neutral zone.
7:08 of 1st period - Shot by Reilly Smith.
7:08 of 1st period - Shot Blocked by Carson Soucy.
7:10 of 1st period - Shot by Jamie Benn.
7:10 of 1st period - Goal by Jamie Benn - Blues : 0 - Panthers : 1.
7:11 of 1st period - Curtis Lazar wins face-off versus Aleksander Barkov in neutral zone.
7:42 of 1st period - Shot by Matthew Tkachuk.
7:42 of 1st period - Stopped by Carter Hart without a rebound.
7:43 of 1st period - Nico Hischier wins face-off versus Roope Hintz in Blues zone.
7:51 of 1st period - Minor Penalty to Jack Eichel for Tripping.
7:52 of 1st period - Steven Lorentz wins face-off versus Roope Hintz in Blues zone.
7:52 of 1st period - Steven Lorentz is hit by Brady Tkachuk.
8:03 of 1st period - Shot by Jake Sanderson.
8:03 of 1st period - Shot Blocked by Cale Makar.
8:05 of 1st period - Shot by Jake Sanderson.
8:05 of 1st period - Stopped by Carter Hart with a rebound.
8:07 of 1st period - Shot by Jake Sanderson.
8:07 of 1st period - Shot Blocked by Cale Makar.
8:09 of 1st period - Shot by Jake Sanderson.
8:09 of 1st period - Shot Misses the Net.
8:11 of 1st period - Shot by Owen Power.
8:11 of 1st period - Shot Misses the Net.
8:13 of 1st period - Shot by Jake Sanderson.
8:13 of 1st period - Shot Blocked by Steven Lorentz.
8:15 of 1st period - Shot by Owen Power.
8:15 of 1st period - Stopped by Carter Hart with a rebound.
8:17 of 1st period - Shot by Owen Power.
8:17 of 1st period - Stopped by Carter Hart with a rebound.
8:19 of 1st period - Shot by Jack Hughes.
8:19 of 1st period - Shot Misses the Net.
8:21 of 1st period - Shot by Jack Hughes.
8:21 of 1st period - Stopped by Carter Hart without a rebound.
8:22 of 1st period - Sean Monahan wins face-off versus Aleksander Barkov in Blues zone.
8:22 of 1st period - Sean Monahan is hit by Andrei Svechnikov.
8:46 of 1st period - Shot by Quinn Hughes.
8:46 of 1st period - Deflect By Aleksander Barkov.
8:46 of 1st period - Shot Misses the Net.
8:48 of 1st period - Shot by Quinn Hughes.
8:48 of 1st period - Stopped by Carter Hart without a rebound.
8:49 of 1st period - Sean Monahan wins face-off versus Roope Hintz in Blues zone.
8:59 of 1st period - Off-side.
9:00 of 1st period - Steven Lorentz wins face-off versus Aleksander Barkov in neutral zone.
9:07 of 1st period - Charlie McAvoy is hit by Alec Martinez.
9:33 of 1st period - Shot by Charlie McAvoy.
9:33 of 1st period - Shot Misses the Net.
9:35 of 1st period - Shot by Quinn Hughes.
9:35 of 1st period - Shot Blocked by Filip Hronek.
10:07 of 1st period - Shot by Logan Couture.
10:07 of 1st period - Deflect By Nico Hischier.
10:07 of 1st period - Stopped by Alexandar Georgiev without a rebound.
10:08 of 1st period - Steven Lorentz wins face-off versus Roope Hintz in Panthers zone.
10:39 of 1st period - Shot by Jack Hughes.
10:39 of 1st period - Goal by Jack Hughes - Blues : 0 - Panthers : 2.
10:40 of 1st period - Logan Couture wins face-off versus Jeff Carter in neutral zone.
10:45 of 1st period - Shot by Nico Hischier.
10:45 of 1st period - Goal by Nico Hischier - Blues : 1 - Panthers : 2.
10:46 of 1st period - Aleksander Barkov wins face-off versus Jack Eichel in neutral zone.
11:54 of 1st period - Icing by Filip Hronek.
11:55 of 1st period - Nico Hischier wins face-off versus Jamie Benn in Blues zone.
12:11 of 1st period - Icing by Mike Matheson.
12:12 of 1st period - Auston Matthews wins face-off versus Jeff Carter in Panthers zone.
12:13 of 1st period - Shot by Clayton Keller.
12:13 of 1st period - Stopped by Alexandar Georgiev with a rebound.
12:18 of 1st period - Oliver Ekman-Larsson is hit by Kris Letang.
12:24 of 1st period - Shot by Auston Matthews.
12:24 of 1st period - Shot Blocked by Mike Matheson.
12:30 of 1st period - Shot by Cale Makar.
12:30 of 1st period - Shot Blocked by Oliver Ekman-Larsson.
12:44 of 1st period - Shot by Cale Makar.
12:44 of 1st period - Stopped by Alexandar Georgiev without a rebound.
12:44 of 1st period - Minor Penalty to Oliver Ekman-Larsson for Hooking.
12:45 of 1st period - Yanni Gourde wins face-off versus Mikael Backlund in Panthers zone.
12:48 of 1st period - Shot by Clayton Keller.
12:48 of 1st period - Goal by Clayton Keller - Blues : 2 - Panthers : 2.
12:49 of 1st period - Curtis Lazar wins face-off versus Aleksander Barkov in neutral zone.
13:04 of 1st period - Shot by Matthew Tkachuk.
13:04 of 1st period - Goal by Matthew Tkachuk - Blues : 2 - Panthers : 3.
13:05 of 1st period - Roope Hintz wins face-off versus Auston Matthews in neutral zone.
13:08 of 1st period - Kris Letang is hit by Brady Tkachuk and loses puck.
13:15 of 1st period - Shot by Roope Hintz.
13:15 of 1st period - Shot Misses the Net.
13:47 of 1st period - Shot by Charlie McAvoy.
13:47 of 1st period - Stopped by Carter Hart without a rebound.
13:48 of 1st period - Nico Hischier wins face-off versus Aleksander Barkov in Blues zone.
13:50 of 1st period - Icing by Logan Couture.
13:51 of 1st period - Aleksander Barkov wins face-off versus Nico Hischier in Blues zone.
13:58 of 1st period - Shot by Jack Eichel.
13:58 of 1st period - Deflect By Logan Couture.
13:58 of 1st period - Shot Blocked by Owen Power.
14:20 of 1st period - Shot by Nico Hischier.
14:20 of 1st period - Shot Misses the Net.
14:40 of 1st period - Alec Martinez is hit by Andrei Svechnikov and loses puck.
14:44 of 1st period - Off-side.
14:45 of 1st period - Curtis Lazar wins face-off versus Roope Hintz in neutral zone.
16:11 of 1st period - Minor Penalty to Mikael Backlund for Hooking.
16:12 of 1st period - Aleksander Barkov wins face-off versus Nico Hischier in Panthers zone.
16:17 of 1st period - Shot by Auston Matthews.
16:17 of 1st period - Shot Blocked by Jake Sanderson.
16:19 of 1st period - Shot by Logan Couture.
16:19 of 1st period - Stopped by Alexandar Georgiev without a rebound.
16:20 of 1st period - Aleksander Barkov wins face-off versus Nico Hischier in Panthers zone.
17:38 of 1st period - Shot by Auston Matthews.
17:38 of 1st period - Shot Misses the Net.
17:45 of 1st period - Icing by Cale Makar.
17:46 of 1st period - Yanni Gourde wins face-off versus Aleksander Barkov in Blues zone.
17:48 of 1st period - Icing by Clayton Keller.
17:49 of 1st period - Yanni Gourde wins face-off versus Aleksander Barkov in Blues zone.
17:58 of 1st period - Frederick Gaudreau is hit by Alex Newhook and loses puck.
18:11 of 1st period - Shot by Clayton Keller.
18:11 of 1st period - Shot Blocked by Oliver Ekman-Larsson.
18:19 of 1st period - Shot by Reilly Smith.
18:19 of 1st period - Stopped by Carter Hart without a rebound.
18:20 of 1st period - Nico Hischier wins face-off versus Jeff Carter in Blues zone.
18:28 of 1st period - Off-side.
18:29 of 1st period - Brady Tkachuk wins face-off versus Nico Hischier in neutral zone.
18:42 of 1st period - Icing by Owen Power.
18:43 of 1st period - Roope Hintz wins face-off versus Steven Lorentz in Panthers zone.
19:35 of 1st period - Roope Hintz is hit by Filip Hronek and loses puck.
19:46 of 1st period - Shot by Filip Hronek.
19:46 of 1st period - Stopped by Alexandar Georgiev without a rebound.
19:47 of 1st period - Nico Hischier wins face-off versus Aleksander Barkov in Panthers zone.
Goals for this period are 2 for Blues vs 3 for Panthers.
Shots for this period are 8 for Blues vs 15 for Panthers.

2nd period


0:01 of 2nd period - Aleksander Barkov wins face-off versus Auston Matthews in neutral zone.
1:15 of 2nd period - Logan Couture is hit by Jake Sanderson and loses puck.
1:36 of 2nd period - Shot by Jake Sanderson.
1:36 of 2nd period - Shot Blocked by Filip Hronek.
1:58 of 2nd period - Icing by Mike Matheson.
1:59 of 2nd period - Curtis Lazar wins face-off versus Mikael Backlund in Panthers zone.
2:12 of 2nd period - Shot by Curtis Lazar.
2:12 of 2nd period - Stopped by Alexandar Georgiev without a rebound.
2:13 of 2nd period - Steven Lorentz wins face-off versus Aleksander Barkov in Panthers zone.
2:20 of 2nd period - Shot by Marcus Johansson.
2:20 of 2nd period - Stopped by Alexandar Georgiev without a rebound.
2:21 of 2nd period - Auston Matthews wins face-off versus Aleksander Barkov in Panthers zone.
2:32 of 2nd period - Shot by Auston Matthews.
2:32 of 2nd period - Stopped by Alexandar Georgiev without a rebound.
2:33 of 2nd period - Roope Hintz wins face-off versus Nico Hischier in Panthers zone.
2:51 of 2nd period - Shot by Jack Hughes.
2:51 of 2nd period - Deflect By Roope Hintz.
2:51 of 2nd period - Shot Blocked by Filip Hronek.
3:54 of 2nd period - Shot by Andrei Svechnikov.
3:54 of 2nd period - Shot Misses the Net.
3:56 of 2nd period - Shot by Andrei Svechnikov.
3:56 of 2nd period - Deflect By Aleksander Barkov.
3:56 of 2nd period - Stopped by Carter Hart without a rebound.
3:57 of 2nd period - Jeff Carter wins face-off versus Curtis Lazar in Blues zone.
4:35 of 2nd period - Reilly Smith is hit by Carson Soucy and loses puck.
4:51 of 2nd period - Anthony DeAngelo is hit by Charlie McAvoy and loses puck.
5:12 of 2nd period - Shot by Aleksander Barkov.
5:12 of 2nd period - Shot Misses the Net.
5:30 of 2nd period - Shot by Aleksander Barkov.
5:30 of 2nd period - Shot Misses the Net.
5:32 of 2nd period - Shot by Charlie McAvoy.
5:32 of 2nd period - Shot Misses the Net.
5:35 of 2nd period - Minor Penalty to Carson Soucy for Hooking.
5:36 of 2nd period - Steven Lorentz wins face-off versus Roope Hintz in Blues zone.
5:57 of 2nd period - Icing by Jake Sanderson.
5:58 of 2nd period - Brady Tkachuk wins face-off versus Steven Lorentz in Panthers zone.
7:03 of 2nd period - Shot by Andrei Svechnikov.
7:03 of 2nd period - Stopped by Carter Hart without a rebound.
7:04 of 2nd period - Steven Lorentz wins face-off versus Aleksander Barkov in Blues zone.
7:29 of 2nd period - Shot by Aleksander Barkov.
7:29 of 2nd period - Shot Misses the Net.
8:17 of 2nd period - Shot by Reilly Smith.
8:17 of 2nd period - Stopped by Carter Hart without a rebound.
8:18 of 2nd period - Roope Hintz wins face-off versus Curtis Lazar in Blues zone.
8:54 of 2nd period - Sean Monahan is hit by Owen Power and loses puck.
8:57 of 2nd period - Shot by Curtis Lazar.
8:57 of 2nd period - Stopped by Alexandar Georgiev without a rebound.
8:58 of 2nd period - Nico Hischier wins face-off versus Aleksander Barkov in Panthers zone.
9:17 of 2nd period - Shot by Nico Hischier.
9:17 of 2nd period - Shot Misses the Net.
9:26 of 2nd period - Off-side.
9:27 of 2nd period - Auston Matthews wins face-off versus Mikael Backlund in neutral zone.
9:37 of 2nd period - Icing by Oliver Ekman-Larsson.
9:38 of 2nd period - Mikael Backlund wins face-off versus Steven Lorentz in Panthers zone.
9:51 of 2nd period - Shot by Frederick Gaudreau.
9:51 of 2nd period - Shot Blocked by Filip Hronek.
10:13 of 2nd period - Shot by Mikael Backlund.
10:13 of 2nd period - Stopped by Carter Hart without a rebound.
10:14 of 2nd period - Aleksander Barkov wins face-off versus Auston Matthews in Blues zone.
10:23 of 2nd period - Shot by Aleksander Barkov.
10:23 of 2nd period - Stopped by Carter Hart without a rebound.
10:24 of 2nd period - Nico Hischier wins face-off versus Aleksander Barkov in Blues zone.
10:24 of 2nd period - Nico Hischier is hit by Andrei Svechnikov.
10:50 of 2nd period - Shot by Cale Makar.
10:50 of 2nd period - Stopped by Alexandar Georgiev without a rebound.
10:51 of 2nd period - Auston Matthews wins face-off versus Roope Hintz in Panthers zone.
11:34 of 2nd period - Shot by Charlie McAvoy.
11:34 of 2nd period - Stopped by Carter Hart without a rebound.
11:35 of 2nd period - Aleksander Barkov wins face-off versus Nico Hischier in Blues zone.
11:49 of 2nd period - Minor Penalty to Andrei Svechnikov for Roughing.
11:50 of 2nd period - Jack Eichel wins face-off versus Mikael Backlund in Panthers zone.
11:51 of 2nd period - Shot by Nico Hischier.
11:51 of 2nd period - Stopped by Alexandar Georgiev without a rebound.
11:52 of 2nd period - Mikael Backlund wins face-off versus Nico Hischier in Panthers zone.
12:36 of 2nd period - Kris Letang is hit by Jake Sanderson and loses puck.
13:20 of 2nd period - Shot by Cale Makar.
13:20 of 2nd period - Stopped by Alexandar Georgiev without a rebound.
13:21 of 2nd period - Mikael Backlund wins face-off versus Nico Hischier in Panthers zone.
13:46 of 2nd period - Shot by Kris Letang.
13:46 of 2nd period - Deflect By Jack Eichel.
13:46 of 2nd period - Shot Misses the Net.
13:48 of 2nd period - Shot by Anthony DeAngelo.
13:48 of 2nd period - Deflect By Nico Hischier.
13:48 of 2nd period - Shot Blocked by Jake Sanderson.
13:54 of 2nd period - Shot by Aleksander Barkov.
13:54 of 2nd period - Shot Blocked by Filip Hronek.
14:35 of 2nd period - Shot by Andrei Svechnikov.
14:35 of 2nd period - Stopped by Carter Hart without a rebound.
14:36 of 2nd period - Roope Hintz wins face-off versus Auston Matthews in Blues zone.
14:52 of 2nd period - Icing by Kris Letang.
14:53 of 2nd period - Jeff Carter wins face-off versus Clayton Keller in Blues zone.
15:28 of 2nd period - Shot by Yanni Gourde.
15:28 of 2nd period - Shot Misses the Net.
15:57 of 2nd period - Shot by Aleksander Barkov.
15:57 of 2nd period - Shot Blocked by Alec Martinez.
15:59 of 2nd period - Shot by Aleksander Barkov.
15:59 of 2nd period - Shot Blocked by Logan Couture.
16:03 of 2nd period - Shot by Andrei Svechnikov.
16:03 of 2nd period - Shot Misses the Net.
16:09 of 2nd period - Shot by Owen Power.
16:09 of 2nd period - Shot Misses the Net.
16:56 of 2nd period - Shot by Roope Hintz.
16:56 of 2nd period - Stopped by Carter Hart without a rebound.
16:57 of 2nd period - Mikael Backlund wins face-off versus Clayton Keller in Blues zone.
16:57 of 2nd period - Charlie McAvoy is hit by Anthony DeAngelo and loses puck.
17:32 of 2nd period - Clayton Keller is hit by Charlie McAvoy and loses puck.
18:31 of 2nd period - Shot by Jack Hughes.
18:31 of 2nd period - Shot Misses the Net.
19:12 of 2nd period - Off-side.
19:13 of 2nd period - Aleksander Barkov wins face-off versus Nico Hischier in neutral zone.
19:13 of 2nd period - Aleksander Barkov is hit by Jack Eichel.
19:32 of 2nd period - Aleksander Barkov is hit by Carson Soucy and loses puck.
19:33 of 2nd period - Minor Penalty to Carson Soucy for High sticking.
19:34 of 2nd period - Aleksander Barkov wins face-off versus Logan Couture in Blues zone.
19:39 of 2nd period - Shot by Matthew Tkachuk.
19:39 of 2nd period - Stopped by Carter Hart without a rebound.
19:40 of 2nd period - Aleksander Barkov wins face-off versus Sean Monahan in Blues zone.
19:43 of 2nd period - Shot by Aleksander Barkov.
19:43 of 2nd period - Stopped by Carter Hart without a rebound.
19:44 of 2nd period - Aleksander Barkov wins face-off versus Sean Monahan in Blues zone.
19:57 of 2nd period - Shot by Matthew Tkachuk.
19:57 of 2nd period - Shot Misses the Net.
19:59 of 2nd period - Shot by Quinn Hughes.
19:59 of 2nd period - Shot Blocked by Filip Hronek.
Goals for this period are 0 for Blues vs 0 for Panthers.
Shots for this period are 7 for Blues vs 10 for Panthers.

3rd period


0:01 of 3rd period - Sean Monahan wins face-off versus Aleksander Barkov in neutral zone.
0:17 of 3rd period - Shot by Aleksander Barkov.
0:17 of 3rd period - Stopped by Carter Hart without a rebound.
0:18 of 3rd period - Roope Hintz wins face-off versus Sean Monahan in Blues zone.
0:19 of 3rd period - Shot by Owen Power.
0:19 of 3rd period - Stopped by Carter Hart without a rebound.
0:20 of 3rd period - Aleksander Barkov wins face-off versus Sean Monahan in Blues zone.
0:27 of 3rd period - Shot by Aleksander Barkov.
0:27 of 3rd period - Shot Misses the Net.
0:47 of 3rd period - Shot by Andrei Svechnikov.
0:47 of 3rd period - Shot Blocked by Filip Hronek.
0:48 of 3rd period - Minor Penalty to Andrei Svechnikov for Hooking.
0:48 of 3rd period - Minor Penalty to Kris Letang for Hooking.
0:49 of 3rd period - Aleksander Barkov wins face-off versus Yanni Gourde in Blues zone.
1:00 of 3rd period - Shot by Owen Power.
1:00 of 3rd period - Stopped by Carter Hart with a rebound.
1:20 of 3rd period - Shot by Matthew Tkachuk.
1:20 of 3rd period - Stopped by Carter Hart without a rebound.
1:21 of 3rd period - Aleksander Barkov wins face-off versus Yanni Gourde in Blues zone.
2:43 of 3rd period - Filip Hronek is hit by Brady Tkachuk.
2:45 of 3rd period - Shot by Auston Matthews.
2:45 of 3rd period - Stopped by Alexandar Georgiev without a rebound.
2:46 of 3rd period - Aleksander Barkov wins face-off versus Sean Monahan in Panthers zone.
3:12 of 3rd period - Jeff Carter is hit by Kris Letang.
3:24 of 3rd period - Shot by Jeff Carter.
3:24 of 3rd period - Shot Misses the Net.
3:52 of 3rd period - Off-side.
3:53 of 3rd period - Aleksander Barkov wins face-off versus Nico Hischier in neutral zone.
4:08 of 3rd period - Shot by Logan Couture.
4:08 of 3rd period - Stopped by Alexandar Georgiev without a rebound.
4:09 of 3rd period - Roope Hintz wins face-off versus Auston Matthews in Panthers zone.
4:21 of 3rd period - Icing by Alec Martinez.
4:22 of 3rd period - Auston Matthews wins face-off versus Matthew Tkachuk in Blues zone.
4:53 of 3rd period - Shot by Auston Matthews.
4:53 of 3rd period - Deflect By Clayton Keller.
4:53 of 3rd period - Shot Blocked by Jake Sanderson.
5:28 of 3rd period - Logan Couture is hit by Charlie McAvoy and loses puck.
5:41 of 3rd period - Shot by Logan Couture.
5:41 of 3rd period - Shot Misses the Net.
5:43 of 3rd period - Shot by Logan Couture.
5:43 of 3rd period - Stopped by Alexandar Georgiev with a rebound.
5:45 of 3rd period - Shot by Nico Hischier.
5:45 of 3rd period - Stopped by Alexandar Georgiev without a rebound.
5:46 of 3rd period - Jeff Carter wins face-off versus Curtis Lazar in Panthers zone.
6:21 of 3rd period - Shot by Jeff Carter.
6:21 of 3rd period - Stopped by Carter Hart without a rebound.
6:22 of 3rd period - Nico Hischier wins face-off versus Aleksander Barkov in Blues zone.
6:22 of 3rd period - Nico Hischier is hit by Matthew Tkachuk.
6:25 of 3rd period - Icing by Anthony DeAngelo.
6:26 of 3rd period - Nico Hischier wins face-off versus Aleksander Barkov in Blues zone.
6:36 of 3rd period - Andrei Svechnikov is hit by Carson Soucy and loses puck.
6:46 of 3rd period - Logan Couture is hit by Charlie McAvoy and loses puck.
7:03 of 3rd period - Shot by Aleksander Barkov.
7:03 of 3rd period - Shot Misses the Net.
7:10 of 3rd period - Off-side.
7:11 of 3rd period - Roope Hintz wins face-off versus Auston Matthews in neutral zone.
7:30 of 3rd period - Shot by Yanni Gourde.
7:30 of 3rd period - Stopped by Alexandar Georgiev without a rebound.
7:31 of 3rd period - Curtis Lazar wins face-off versus Jeff Carter in Panthers zone.
8:36 of 3rd period - Kris Letang is hit by Andrei Svechnikov and loses puck.
9:07 of 3rd period - Shot by Jack Eichel.
9:07 of 3rd period - Shot Misses the Net.
9:11 of 3rd period - Shot by Kris Letang.
9:11 of 3rd period - Stopped by Alexandar Georgiev with a rebound.
9:13 of 3rd period - Shot by Jack Eichel.
9:13 of 3rd period - Shot Misses the Net.
9:34 of 3rd period - Shot by Auston Matthews.
9:34 of 3rd period - Deflect By Yanni Gourde.
9:34 of 3rd period - Stopped by Alexandar Georgiev without a rebound.
9:35 of 3rd period - Jack Hughes wins face-off versus Steven Lorentz in Panthers zone.
10:07 of 3rd period - Craig Smith is hit by Charlie McAvoy and loses puck.
10:46 of 3rd period - Shot by Reilly Smith.
10:46 of 3rd period - Shot Misses the Net.
11:45 of 3rd period - Logan Couture is hit by Jamie Benn and loses puck.
11:52 of 3rd period - Oliver Ekman-Larsson is hit by Nico Hischier and loses puck.
12:10 of 3rd period - Icing by Oliver Ekman-Larsson.
12:11 of 3rd period - Jeff Carter wins face-off versus Curtis Lazar in Panthers zone.
12:35 of 3rd period - Shot by Sean Monahan.
12:35 of 3rd period - Goal by Sean Monahan - Blues : 3 - Panthers : 3.
12:36 of 3rd period - Auston Matthews wins face-off versus Roope Hintz in neutral zone.
12:57 of 3rd period - Shot by Auston Matthews.
12:57 of 3rd period - Deflect By Clayton Keller.
12:57 of 3rd period - Stopped by Alexandar Georgiev without a rebound.
12:58 of 3rd period - Nico Hischier wins face-off versus Aleksander Barkov in Panthers zone.
12:58 of 3rd period - Cale Makar is hit by Charlie McAvoy and loses puck.
13:08 of 3rd period - Nico Hischier is hit by Charlie McAvoy and loses puck.
13:39 of 3rd period - Shot by Nico Hischier.
13:39 of 3rd period - Stopped by Alexandar Georgiev with a rebound.
14:25 of 3rd period - Clayton Keller is hit by Jake Sanderson and loses puck.
15:17 of 3rd period - Alex Newhook is hit by Owen Power and loses puck.
15:20 of 3rd period - Shot by Anthony DeAngelo.
15:20 of 3rd period - Shot Blocked by Owen Power.
16:03 of 3rd period - Shot by Kris Letang.
16:03 of 3rd period - Shot Misses the Net.
16:05 of 3rd period - Shot by Steven Lorentz.
16:05 of 3rd period - Stopped by Alexandar Georgiev without a rebound.
16:06 of 3rd period - Nico Hischier wins face-off versus Aleksander Barkov in Panthers zone.
16:29 of 3rd period - Shot by Matthew Tkachuk.
16:29 of 3rd period - Deflect By Aleksander Barkov.
16:29 of 3rd period - Shot Misses the Net.
16:41 of 3rd period - Shot by Aleksander Barkov.
16:41 of 3rd period - Deflect By Andrei Svechnikov.
16:41 of 3rd period - Shot Misses the Net.
17:15 of 3rd period - Shot by Robby Fabbri.
17:15 of 3rd period - Stopped by Carter Hart without a rebound.
17:16 of 3rd period - Jeff Carter wins face-off versus Auston Matthews in Blues zone.
17:47 of 3rd period - Shot by Jamie Benn.
17:47 of 3rd period - Shot Misses the Net.
17:48 of 3rd period - Minor Penalty to Kris Letang for Hooking.
17:49 of 3rd period - Aleksander Barkov wins face-off versus Sean Monahan in Blues zone.
18:11 of 3rd period - Icing by Charlie McAvoy.
18:12 of 3rd period - Matthew Tkachuk wins face-off versus Steven Lorentz in Panthers zone.
18:49 of 3rd period - Cale Makar is hit by Andrei Svechnikov and loses puck.
19:21 of 3rd period - Shot by Brady Tkachuk.
19:21 of 3rd period - Stopped by Carter Hart without a rebound.
19:22 of 3rd period - Roope Hintz wins face-off versus Steven Lorentz in Blues zone.
19:25 of 3rd period - Shot by Jack Hughes.
19:25 of 3rd period - Shot Misses the Net.
19:57 of 3rd period - Shot by Steven Lorentz.
19:57 of 3rd period - Stopped by Alexandar Georgiev without a rebound.
19:58 of 3rd period - Logan Couture wins face-off versus Jeff Carter in Panthers zone.
Goals for this period are 1 for Blues vs 0 for Panthers.
Shots for this period are 12 for Blues vs 7 for Panthers.

Overtime #1


0:01 of 1st overtime period - Aleksander Barkov wins face-off versus Auston Matthews in neutral zone.
0:14 of 1st overtime period - Shot by Matthew Tkachuk.
0:14 of 1st overtime period - Stopped by Carter Hart with a rebound.
0:45 of 1st overtime period - Icing by Matthew Tkachuk.
0:46 of 1st overtime period - Nico Hischier wins face-off versus Aleksander Barkov in Panthers zone.
0:50 of 1st overtime period - Icing by Aleksander Barkov.
0:51 of 1st overtime period - Aleksander Barkov wins face-off versus Nico Hischier in Panthers zone.
1:31 of 1st overtime period - Shot by Roope Hintz.
1:31 of 1st overtime period - Stopped by Carter Hart without a rebound.
1:32 of 1st overtime period - Auston Matthews wins face-off versus Mikael Backlund in Blues zone.
2:30 of 1st overtime period - Yanni Gourde is hit by Jake Sanderson and loses puck.
2:50 of 1st overtime period - Icing by Nico Hischier.
2:51 of 1st overtime period - Nico Hischier wins face-off versus Aleksander Barkov in Blues zone.
2:51 of 1st overtime period - Nico Hischier is hit by Andrei Svechnikov.
3:39 of 1st overtime period - Icing by Charlie McAvoy.
3:40 of 1st overtime period - Curtis Lazar wins face-off versus Aleksander Barkov in Panthers zone.
3:41 of 1st overtime period - Shot by Alex Newhook.
3:41 of 1st overtime period - Stopped by Alexandar Georgiev without a rebound.
3:42 of 1st overtime period - Jack Hughes wins face-off versus Curtis Lazar in Panthers zone.
3:49 of 1st overtime period - Shot by Roope Hintz.
3:49 of 1st overtime period - Deflect By Jack Hughes.
3:49 of 1st overtime period - Stopped by Carter Hart without a rebound.
3:50 of 1st overtime period - Auston Matthews wins face-off versus Roope Hintz in Blues zone.
4:07 of 1st overtime period - Shot by Brady Tkachuk.
4:07 of 1st overtime period - Shot Misses the Net.
4:09 of 1st overtime period - Shot by Jake Sanderson.
4:09 of 1st overtime period - Shot Blocked by Kris Letang.
4:56 of 1st overtime period - Quinn Hughes is hit by Filip Hronek and loses puck.
5:11 of 1st overtime period - Shot by Andrei Svechnikov.
5:11 of 1st overtime period - Shot Blocked by Filip Hronek.
5:13 of 1st overtime period - Shot by Aleksander Barkov.
5:13 of 1st overtime period - Shot Blocked by Alec Martinez.
5:15 of 1st overtime period - Shot by Charlie McAvoy.
5:15 of 1st overtime period - Stopped by Carter Hart without a rebound.
5:16 of 1st overtime period - Curtis Lazar wins face-off versus Jeff Carter in Blues zone.
5:37 of 1st overtime period - Shot by Sean Monahan.
5:37 of 1st overtime period - Shot Misses the Net.
5:47 of 1st overtime period - Shot by Sean Monahan.
5:47 of 1st overtime period - Stopped by Alexandar Georgiev without a rebound.
5:48 of 1st overtime period - Aleksander Barkov wins face-off versus Nico Hischier in Panthers zone.
5:48 of 1st overtime period - Matthew Tkachuk is hit by Logan Couture and loses puck.
6:09 of 1st overtime period - Shot by Matthew Tkachuk.
6:09 of 1st overtime period - Stopped by Carter Hart with a rebound.
8:40 of 1st overtime period - Anthony DeAngelo is hit by Oliver Ekman-Larsson and loses puck.
8:54 of 1st overtime period - Carson Soucy is hit by Jamie Benn and loses puck.
10:06 of 1st overtime period - Shot by Mikael Backlund.
10:06 of 1st overtime period - Shot Misses the Net.
10:54 of 1st overtime period - Shot by Roope Hintz.
10:54 of 1st overtime period - Stopped by Carter Hart without a rebound.
10:55 of 1st overtime period - Aleksander Barkov wins face-off versus Nico Hischier in Blues zone.
11:20 of 1st overtime period - Shot by Nico Hischier.
11:20 of 1st overtime period - Shot Misses the Net.
12:08 of 1st overtime period - Shot by Reilly Smith.
12:08 of 1st overtime period - Stopped by Carter Hart with a rebound.
12:10 of 1st overtime period - Shot by Jeff Carter.
12:10 of 1st overtime period - Shot Misses the Net.
12:39 of 1st overtime period - Jake Sanderson is hit by Steven Lorentz and loses puck.
13:00 of 1st overtime period - Off-side.
13:01 of 1st overtime period - Yanni Gourde wins face-off versus Frederick Gaudreau in neutral zone.
13:10 of 1st overtime period - Shot by Clayton Keller.
13:10 of 1st overtime period - Stopped by Alexandar Georgiev without a rebound.
13:11 of 1st overtime period - Aleksander Barkov wins face-off versus Logan Couture in Panthers zone.
13:54 of 1st overtime period - Shot by Nico Hischier.
13:54 of 1st overtime period - Stopped by Alexandar Georgiev without a rebound.
13:55 of 1st overtime period - Roope Hintz wins face-off versus Auston Matthews in Panthers zone.
13:57 of 1st overtime period - Icing by Jake Sanderson.
13:58 of 1st overtime period - Roope Hintz wins face-off versus Auston Matthews in Panthers zone.
13:58 of 1st overtime period - Roope Hintz is hit by Auston Matthews.
14:31 of 1st overtime period - Brady Tkachuk is hit by Filip Hronek and loses puck.
15:26 of 1st overtime period - Shot by Matthew Tkachuk.
15:26 of 1st overtime period - Stopped by Carter Hart without a rebound.
15:27 of 1st overtime period - Jeff Carter wins face-off versus Curtis Lazar in Blues zone.
16:44 of 1st overtime period - Icing by Kris Letang.
16:45 of 1st overtime period - Aleksander Barkov wins face-off versus Steven Lorentz in Blues zone.
16:56 of 1st overtime period - Shot by Aleksander Barkov.
16:56 of 1st overtime period - Shot Misses the Net.
17:39 of 1st overtime period - Filip Hronek is hit by Brady Tkachuk and loses puck.
17:47 of 1st overtime period - Jack Hughes is hit by Alec Martinez and loses puck.
18:19 of 1st overtime period - Icing by Alec Martinez.
18:20 of 1st overtime period - Auston Matthews wins face-off versus Mikael Backlund in Blues zone.
19:45 of 1st overtime period - Shot by Andrei Svechnikov.
19:45 of 1st overtime period - Shot Misses the Net.
19:47 of 1st overtime period - Shot by Aleksander Barkov.
19:47 of 1st overtime period - Deflect By Andrei Svechnikov.
19:47 of 1st overtime period - Stopped by Carter Hart without a rebound.
19:48 of 1st overtime period - Steven Lorentz wins face-off versus Roope Hintz in Blues zone.
Goals for this period are 0 for Blues vs 0 for Panthers.
Shots for this period are 4 for Blues vs 9 for Panthers.

Overtime #2


0:01 of 2nd overtime period - Aleksander Barkov wins face-off versus Auston Matthews in neutral zone.
0:07 of 2nd overtime period - Icing by Cale Makar.
0:08 of 2nd overtime period - Aleksander Barkov wins face-off versus Yanni Gourde in Blues zone.
0:18 of 2nd overtime period - Off-side.
0:19 of 2nd overtime period - Roope Hintz wins face-off versus Logan Couture in neutral zone.
0:30 of 2nd overtime period - Shot by Quinn Hughes.
0:30 of 2nd overtime period - Shot Blocked by Logan Couture.
1:29 of 2nd overtime period - Icing by Kris Letang.
1:30 of 2nd overtime period - Nico Hischier wins face-off versus Jeff Carter in Blues zone.
1:30 of 2nd overtime period - Nico Hischier is hit by Jamie Benn.
3:18 of 2nd overtime period - Shot by Curtis Lazar.
3:18 of 2nd overtime period - Stopped by Alexandar Georgiev without a rebound.
3:19 of 2nd overtime period - Steven Lorentz wins face-off versus Roope Hintz in Panthers zone.
4:00 of 2nd overtime period - Cale Makar is hit by Charlie McAvoy and loses puck.
4:29 of 2nd overtime period - Shot by Frederick Gaudreau.
4:29 of 2nd overtime period - Stopped by Carter Hart without a rebound.
4:30 of 2nd overtime period - Yanni Gourde wins face-off versus Jeff Carter in Blues zone.
6:22 of 2nd overtime period - Icing by Mike Matheson.
6:23 of 2nd overtime period - Sean Monahan wins face-off versus Aleksander Barkov in Panthers zone.
6:29 of 2nd overtime period - Icing by Oliver Ekman-Larsson.
6:30 of 2nd overtime period - Curtis Lazar wins face-off versus Aleksander Barkov in Panthers zone.
7:43 of 2nd overtime period - Shot by Brady Tkachuk.
7:43 of 2nd overtime period - Goal by Brady Tkachuk - Blues : 3 - Panthers : 4.
Goals for this period are 0 for Blues vs 1 for Panthers.
Shots for this period are 1 for Blues vs 2 for Panthers.